 Dungeon Crawl Stone Soup version 0.23-a0-398-g8eab93fbe2 (webtiles) character file.

3134 Notair the Spear-Bearer (level 9, -3/85 HPs)
             Began as a Minotaur Gladiator on Nov 3, 2018.
             Was an Initiate of Okawaru.
             Slain by PikkenKukken's ghost (14 damage)
             ... on level 8 of the Dungeon.
             The game lasted 00:16:33 (7426 turns).

Notair the Spear-Bearer (Minotaur Gladiator)        Turns: 7426, Time: 00:16:33

Health: -3/85      AC:  7    Str: 23    XL:     9   Next: 61%
Magic:  0/8        EV: 17    Int:  5    God:    Okawaru [......]
Gold:   345        SH:  0    Dex: 16    Spells: 8/8 levels left

rFire    . . .     SeeInvis .   C - +2 halberd (chop)
rCold    . . .     Gourm    .   (shield currently unavailable)
rNeg     . . .     Faith    .   o - +0 scale mail (curse)
rPois    .         Spirit   +   c - +0 hat
rElec    .         Reflect  .   (no cloak)
rCorr    .         Harm     .   (no gloves)
MR       .....                  e - +0 pair of boots
Stlth    ++........             D - amulet of guardian spirit
HPRegen  0.24/turn              b - ring of flight (curse)
MPRegen  0.11/turn              H - ring of stealth

@: agile, hasted, drained, very quick
A: retaliatory headbutt, horns 2
a: Renounce Religion, Evoke Flight


You were on level 8 of the Dungeon.
You worshipped Okawaru.
Okawaru was noncommittal.
You were not hungry.

You visited 2 branches of the dungeon, and saw 9 of its levels.

You collected 345 gold pieces.

Inventory:

Hand Weapons
 a - a +0 trident
 C - a +2 halberd of chopping (weapon)
 G - a +0 arbalest
 L - a +0 blowgun
Missiles
 d - 5 throwing nets (quivered)
 h - 103 sling bullets
 M - 9 poisoned needles
Armour
 c - a +0 hat (worn)
 e - a +0 pair of boots (worn)
 o - a cursed +0 scale mail (worn)
Jewellery
 b - a cursed ring of flight (left hand)
 D - an amulet of guardian spirit (around neck)
 H - a ring of stealth (right hand)
 O - an uncursed ring of protection from fire {unknown}
Wands
 w - a wand of digging (3)
 F - a wand of polymorph (21)
 J - a wand of enslavement (8)
 K - a wand of paralysis (18)
Scrolls
 i - 5 scrolls of remove curse
 k - 3 scrolls of immolation
 m - 2 scrolls of blinking
 n - 2 scrolls of teleportation {unknown}
 p - 2 scrolls of identify
 q - 2 scrolls of random uselessness {unknown}
 v - 2 scrolls of enchant armour
 x - a scroll of noise {unknown}
 y - a scroll of amnesia
 B - 2 scrolls of fog
 I - a scroll of magic mapping {unknown}
 P - a scroll of torment {unknown}
Potions
 g - 2 potions of might {unknown}
 j - a potion of lignification
 l - 3 potions of brilliance
 s - a potion of resistance
 t - a potion of degeneration
 z - 3 potions of curing
 A - 4 potions of heal wounds
 E - a potion of cancellation
 N - a potion of magic {unknown}
Comestibles
 f - 17 rations


   Skills:
 + Level 9.6(9.5) Fighting
 * Level 13.2(13.0) Polearms
 - Level 2.0(1.9) Throwing
 - Level 3.2 Dodging


You had 8 spell levels left.
You didn't know any spells.
Your spell library contained the following spells:

 Spells                   Type           Power        Failure   Level  Hunger
 Confusing Touch          Hex            #.....       82%         1    ##.....
 Confuse                  Hex            #.......     99%         3    ####...
 Gell's Gravitas          Tloc           #.........   99%         3    ####...
 Petrify                  Tmut/Erth      #.......     100%        4    #####..
 Metabolic Englaciation   Hex/Ice        #.........   100%        5    ######.
 Yara's Violent Unravell  Hex/Tmut       #.........   100%        5    ######.


Dungeon Overview and Level Annotations

Branches:
Dungeon (8/15)             Temple (1/1) D:7
   Lair: D:8-11

Altars:
Dithmenos
Elyvilon
Kikubaaqudgha
Makhleb
Nemelex Xobeh
Okawaru
Sif Muna
Xom
Yredelemnul

Shops:
D:4 }   D:6 [=[

Annotations:
D:8 PikkenKukken's ghost, novice DsBe


Innate Abilities, Weirdness & Mutations

You reflexively headbutt those who attack you in melee.
You have a pair of horns on your head.


Message History

PikkenKukken's ghost hits you!
You puncture PikkenKukken's ghost!
You headbutt PikkenKukken's ghost, but do no damage.
PikkenKukken's ghost is heavily damaged.
You feel agile all of a sudden. PikkenKukken's ghost hits you.
You hit PikkenKukken's ghost.
PikkenKukken's ghost is severely damaged.
PikkenKukken's ghost hits you but does no damage.
You hit PikkenKukken's ghost but do no damage.
PikkenKukken's ghost is severely damaged.
PikkenKukken's ghost hits you!!
* * * LOW HITPOINT WARNING * * *
You closely miss PikkenKukken's ghost.
Your headbutt misses PikkenKukken's ghost.
PikkenKukken's ghost is severely damaged.
You feel like a meek peon again.
PikkenKukken's ghost hits you but does no damage.
You feel yourself speed up. PikkenKukken's ghost hits you!
You die...

####.#.##..##############
#..###..# #.......#
#######.# #.# #.#
######### ##########.#
##.......# #.......##.#
##..#####.#
........##.####.@.# #.#
.............###W#### #.#
........#.....#.≈.#.# #.#
......>......##.≈.#.# #.#
........#...###.≈.#.###.#
#.......##.## #.≈.#.....#
##########.# #$[.#.#####
...# #.# #####...# ##.#
##'## ###.#


You could see PikkenKukken's ghost.

Vanquished Creatures
  Pikel (D:8)
  A spriggan (D:7)
  A steam dragon (D:8)
  3 slaves (D:8)
  An orc warrior (D:6)
  An ice beast (D:7)
  A necrophage (D:8)
  2 phantoms
  3 ogres
  2 centaurs (D:6)
  Blork the orc (D:4)
  2 bullfrogs
  A big kobold (D:7)
  A water moccasin zombie (D:7)
  A scorpion (D:7)
  A wyvern skeleton (D:6)
  4 killer bees
  5 wights (D:8)
  2 crimson imps
  A quasit (D:7)
  4 hounds
  2 jellies
  2 orc priests
  3 orc wizards
  4 worker ants
  A hound skeleton (D:7)
  7 adders
  4 shadow imps
  An ooze (D:4)
  2 adder zombies (D:7)
  An adder skeleton (D:7)
  4 worms (D:2)
  4 dart slugs
  4 leopard geckos
  25 orcs
  3 giant cockroaches
  7 goblins
  9 hobgoblins
  11 jackals
  3 quokkas
  A ball python (D:1)
  A bat (D:2)
  7 frilled lizards
  A jackal zombie (D:5)
  11 kobolds
  A leopard gecko skeleton (D:4)
  A leopard gecko zombie (D:7)
  6 rats
165 creatures vanquished.

Notes
Turn   | Place    | Note
-------+----------+-------------------------------------------
     0 | D:1      | Notair the Minotaur Gladiator began the quest for the Orb.
     0 | D:1      | Reached XP level 1. HP: 18/18 MP: 0/0
    92 | D:1      | Reached skill level 4 in Polearms
   203 | D:1      | Reached XP level 2. HP: 21/25 MP: 1/1
   668 | D:1      | You fall through a shaft!
   694 | D:2      | Reached XP level 3. HP: 18/31 MP: 2/2
  1273 | D:2      | Reached skill level 5 in Polearms
  1459 | D:2      | Reached XP level 4. HP: 38/38 MP: 3/3
  1767 | D:3      | Found an ancient bone altar of Kikubaaqudgha.
  2041 | D:3      | Reached skill level 6 in Polearms
  2132 | D:3      | Reached XP level 5. HP: 28/46 MP: 4/4
  2443 | D:4      | Noticed an ogre
  2449 | D:4      | Killed an ogre
  2619 | D:4      | Found a white marble altar of Elyvilon.
  2623 | D:4      | Noticed Blork the orc
  2674 | D:4      | Killed Blork the orc
  2674 | D:4      | Reached skill level 7 in Polearms
  2674 | D:4      | Reached XP level 6. HP: 36/55 MP: 5/5
  2986 | D:4      | Found Nobyel's Gadget Shoppe.
  3281 | D:4      | Reached skill level 5 in Fighting
  3361 | D:5      | Entered Level 5 of the Dungeon
  3668 | D:5      | Reached skill level 8 in Polearms
  3910 | D:5      | Reached XP level 7. HP: 54/61 MP: 6/6
  4185 | D:6      | Found Poug's Armour Boutique.
  4198 | D:6      | Reached skill level 9 in Polearms
  4491 | D:6      | Found Umeomn's Armour Emporium.
  4574 | D:6      | Found Zepaipt's Jewellery Shoppe.
  4601 | D:6      | Found a shadowy altar of Dithmenos.
  5013 | D:6      | Reached XP level 8. HP: 67/71 MP: 5/7
  5134 | D:6      | Reached skill level 10 in Polearms
  5759 | D:7      | Reached skill level 11 in Polearms
  6046 | D:7      | Found Ocrae's Assorted Antiques.
  6220 | D:7      | Reached XP level 9. HP: 59/82 MP: 4/8
  6377 | D:7      | Found a staircase to the Ecumenical Temple.
  6391 | Temple   | Entered the Ecumenical Temple
  6418 | Temple   | Became a worshipper of Warmaster Okawaru
  6516 | D:8      | Noticed Pikel
  6529 | D:8      | Killed Pikel
  6529 | D:8      | Reached skill level 12 in Polearms
  6675 | D:8      | Found a runed door.
  6676 | D:8      | Noticed PikkenKukken's ghost (novice DsBe)
  6858 | D:8      | Reached * piety under Okawaru
  7017 | D:8      | Reached skill level 13 in Polearms
  7426 | D:8      | Slain by PikkenKukken's ghost

Vault maps used:
D:1:      onia_arrival_mini_maze, serial_bayou_ford_a
D:2:      first_ration
D:3:      kiku_gazebo_pond_becter
D:4:      serial_shops, kennysheep_little_box, elyvilon_altar_5,
          uniq_blork_the_orc
D:6:      serial_shops, nicolae_shop_stone, nicolae_shop_behind_doors,
          kennysheep_mini, grunt_dithmenos_shadows
D:7:      minmay_temple_entry_hall, serial_shops, kennysheep_mini_moat,
          the_bakery
D:8:      ebering_ghost_reflecting_pool, hangedman_decor_diamond_cutter,
          minivault_27, uniq_pikel
Temple:   minmay_crystal_snake_temple

Skill      XL: |  1  2  3  4  5  6  7  8  9 |
---------------+----------------------------+-----
Polearms       | 4 5 6 7 8 9 11 13 | 13.2
Fighting       | 3 4 5 6 8 9 |  9.6
Throwing       | |  2.0
Dodging        | |  3.2

Action                   |  1- 3 |  4- 6 |  7- 9 || total
-------------------------+-------+-------+-------++-------
Melee: Trident           |    83 |   100 |       ||   183
       Headbutt          |    11 |    20 |    35 ||    66
       Halberd           |       |    45 |   222 ||   267
Throw: Throwing net      |       |     1 |       ||     1
Invok: Heroism           |       |       |     1 ||     1
  Use: Scroll            |       |     5 |    12 ||    17
       Potion            |       |       |     3 ||     3
 Stab: Sleeping          |     1 |       |       ||     1
  Eat: Chunk             |     1 |     9 |     6 ||    16
       Ration            |       |       |     2 ||     2
Armor: Leather armour    |    14 |       |       ||    14
       Scale mail        |     1 |    40 |    60 ||   101
Dodge: Dodged            |    39 |    52 |   109 ||   200

Table legend:
 A = Non-vault XP
 B = Vault XP
 C = Vault XP percentage of total XP
 D = Non-vault monster count
 E = Vault monster count
 F = Vault count percentage of total count
                 A         B        C        D         E       F
            +---------+---------+-------+---------+---------+-------
      Total |    3430 |    1048 |  23.4 |     158 |       4 |   2.5
            +---------+---------+-------+---------+---------+-------
        D:1 |      22 |       0 |   0.0 |      15 |       0 |   0.0
        D:2 |      83 |       0 |   0.0 |      26 |       0 |   0.0
        D:3 |     122 |       0 |   0.0 |      17 |       0 |   0.0
        D:4 |     162 |      96 |  37.2 |      14 |       1 |   6.7
        D:5 |     288 |       0 |   0.0 |      18 |       0 |   0.0
        D:6 |     775 |     125 |  13.9 |      15 |       1 |   6.2
        D:7 |     980 |     220 |  18.3 |      36 |       1 |   2.7
        D:8 |     998 |     607 |  37.8 |      17 |       1 |   5.6
            +---------+---------+-------+---------+---------+-------
